 Dungeon Crawl Stone Soup version 0.29-a0-1065-g47a6bb87d6 (webtiles) character file.

Game seed: 15088046517131703061

97 avis the Insei (level 4, -1/36 HPs)
             Began as a Demigod Transmuter on Aug 18, 2022.
             Slain by a black bear (9 damage)
             ... on level 3 of the Dungeon.
             The game lasted 00:11:49 (2699 turns).

avis the Insei (Demigod Transmuter)                 Turns: 2699, Time: 00:11:51

Health: -1/36      AC:  3    Str: 11    XL:     4   Next: 19%
Magic:  10/11      EV: 12    Int: 19    God:
Gold:   115        SH:  0    Dex: 14    Spells: 4/9 levels left

rFire   . . .      SeeInvis .     - Unarmed
rCold   . . .      Faith    .   (no shield)
rNeg    . . .      Spirit   .   a - +0 robe
rPois   .          Reflect  .   (helmet currently unavailable)
rElec   .          Harm     .   (no cloak)
rCorr   .          Rampage  .   g - +0 pair of gloves
Will    .....                   (boots currently unavailable)
Stlth   +.........              (no amulet)
HPRegen 0.12/turn               (no ring)
MPRegen 0.12/turn               (no ring)

@: appendages
A: horns 2, talons 2, high MP 1, forlorn, divine attributes
a: End Transformation


You were on level 3 of the Dungeon.
You had temporarily grown beastly horns and talons.
You visited 1 branch of the dungeon, and saw 3 of its levels.

You collected 115 gold pieces.

Inventory:

Hand Weapons
 k - a +2 vorpal mace
 p - a +0 vampiric dagger
Armour
 a - a +0 robe (worn)
 c - a +0 pair of boots (melded)
 g - a +0 pair of gloves (worn)
 l - a +2 hat (melded)
Scrolls
 d - a scroll of brand weapon {unknown}
 i - 2 scrolls of fog {unknown}
 j - 3 scrolls of teleportation {unknown}
 m - a scroll of poison {unknown}
 o - 2 scrolls of fear {unknown}
 q - 3 scrolls of identify {unknown}
Potions
 b - a potion of lignification
 e - 3 potions of heal wounds {unknown}
 f - 2 potions of mutation {unknown}
 h - 2 potions of degeneration {unknown}
 n - 2 potions of brilliance {unknown}


   Skills:
 - Level 2.0 Fighting
 - Level 2.0 Dodging
 - Level 3.0 Unarmed Combat
 - Level 3.0 Spellcasting
 - Level 2.0 Transmutations
 + Level 0.9 Ice Magic


You had 4 spell levels left.
You knew the following spells:

 Your Spells              Type           Power      Damage    Failure   Level
a - Beastly Appendage     Tmut           20%        N/A       7%          1
q - Ice Form              Ice/Tmut       8%         N/A       63%         4

Your spell library contained the following spells:

 Spells                   Type           Power      Damage    Failure   Level
 Wereblood                Tmut           10%        N/A       10%         2
 Spider Form              Tmut/Pois      6%         N/A       30%         3


Dungeon Overview and Level Annotations

Branches:
Dungeon (3/15)

Annotations:
D:2 1 runed translucent door, exclusion: door, Crazy Yiuf


Innate Abilities, Weirdness & Mutations

You have temporarily grown beastly horns and talons.
You have an increased reservoir of magic. (+10% MP)
You shall have no god before yourself.
Your divine heritage dramatically boosts your attributes as you level up.


Message History

Confirm with . or Enter, or press ? or * to list all spells.
You grow a pair of large bovine horns.
Your feet morph into talons.
Your +2 hat melds into your body.
Your +0 pair of boots melds into your body.
You slide downwards.
The hatch slams shut behind you.
The orc shouts!
You hear a shout!
An orc comes into view. It is wielding a +0 dagger.
The black bear bites you but does no damage.
The black bear closely misses you. The black bear claws you.
The black bear attacks as you move away!
The black bear barely misses you. The black bear claws you.
The black bear claws you but does no damage.
An orc priest comes into view. It is wielding a +0 trident.
The black bear attacks as you move away!
The black bear barely misses you.
The black bear claws you but does no damage.
The black bear claws you.
Found an orange potion.
Your transformation is almost over.
Casting: Beastly Appendage (safe; 7% risk of failure)
Confirm with . or Enter, or press ? or * to list all spells.
You extend your transformation's duration.
The black bear bites you. The black bear barely misses you. x2
You closely miss the black bear. You claw the black bear.
You headbutt the black bear, but do no damage.
The black bear is moderately wounded.
The black bear bites you but does no damage.
The black bear claws you. x2
You hit the black bear. You claw the black bear.
The black bear is heavily wounded.
You hit the black bear but do no damage.
You headbutt the black bear!
The black bear is severely wounded.
The black bear goes berserk!
You hit the black bear. You claw the black bear.
The black bear is almost dead.
The black bear bites you!
* * * LOW HITPOINT WARNING * * *
The black bear closely misses you. The black bear misses you.
The black bear bites you!
You die...

###.....o.#
#.........#
#.#.........
###.........##
#........o..#
#.##o.......#
#. #.#...####
######.##.##.##
.....!.@ho# .#
..####.#### .#
#. ##


You could see a black bear (berserk) and an orc.

Vanquished Creatures
  Jessica (D:2)
  2 adders (D:2)
  A worm (D:2)
  A dart slug (D:1)
  A ball python (D:1)
  3 endoplasms
  4 giant cockroaches
  7 goblins
  5 hobgoblins
  3 jackals (D:2)
  A quokka (D:2)
  5 bats (D:1)
  A frilled lizard (D:1)
  8 kobolds
  2 rats (D:1)
45 creatures vanquished.

Notes
Turn   | Place    | Note
-------+----------+-------------------------------------------
     0 | D:1      | avis the Demigod Transmuter began the quest for the Orb.
     0 | D:1      | Reached XP level 1. HP: 15/15 MP: 5/5
    51 | D:1      | Reached skill level 1 in Fighting
   445 | D:1      | Reached XP level 2. HP: 24/24 MP: 4/7
  1485 | D:2      | Reached XP level 3. HP: 29/29 MP: 6/8
  1795 | D:2      | Noticed Jessica
  1801 | D:2      | Killed Jessica
  2170 | D:2      | Reached XP level 4. HP: 36/36 MP: 9/11
  2177 | D:2      | Learned a level 4 spell: Ice Form
  2354 | D:2      | Found a runed translucent door.
  2355 | D:2      | Noticed Crazy Yiuf
  2686 | D:3      | Noticed a black bear
  2699 | D:3      | Slain by a black bear

Illustrated notes

Levels and vault maps discovered:
D:1:      tarquinn_simple_flora_water_f, layout_basic,
          dreamdust_ecumenical_altar_hidden_monk_grotto, serial_forest,
          infiniplex_forest_clump_long, infiniplex_forest_clump_small,
          infiniplex_forest_end_2, infiniplex_forest_clump_double,
          infiniplex_forest_lined_2
D:2:      layout_loops_cross, basic_altar, kennysheep_jessica_study,
          uniq_jessica, uniq_crazy_yiuf_cottage
D:3:      layout_loops_corners, mainiacjoe_overflow_alcove_2, minmay_puff

Skill      XL: |  1  2  3 |
---------------+----------+-----
Fighting       | 2 |  2.0
Dodging        | 2 |  2.0
Spellcasting   | 2 3 |  3.0
Transmutations | 2 |  2.0
Unarmed Combat | 3 |  3.0
Ice Magic      | |  0.9

Action                   |  1- 3 |  4- 6 || total
-------------------------+-------+-------++-------
Melee: Unarmed           |    95 |    23 ||   118
       Kick              |    27 |     5 ||    32
       Headbutt          |    14 |     3 ||    17
       Punch             |     1 |       ||     1
 Cast: Beastly Appendage |    25 |     7 ||    32
 Stab: Sleeping          |     2 |     1 ||     3
Armor: Robe              |    21 |     8 ||    29
Dodge: Dodged            |    59 |    16 ||    75

Table legend: (Time is in decaauts)
 A = Elapsed time spent in this place.
 B = Non-inter-level travel time spent in this place.
 C = Inter-level travel time spent in this place.
 D = Time resting spent in this place.
 E = Time spent auto-exploring this place.
 F = Levels seen in this place.
 G = Mean time per level.
                   A        B        C        D        E       F      G
               +--------+--------+--------+--------+--------+-----+--------+
         Total |   2693 |   2526 |    167 |    570 |   1462 |   3 |  897.7 |
       Dungeon |   2693 |   2526 |    167 |    570 |   1462 |   3 |  897.7 |
               +--------+--------+--------+--------+--------+-----+--------+

Top non-repeatable levels by time:
     D:1: 1373 daAuts
     D:2: 1270 daAuts
     D:3: 48 daAuts
